 Dungeon Crawl Stone Soup version 0.27-a0-1193-g8631133539 (webtiles) character file.

Game seed: 1676614902653902745

168 robertstho the Covered (level 5, 0/49 HPs)
             Began as a Deep Dwarf Fighter on May 25, 2021.
             Slain by an ogre
             ... wielding a +0 giant spiked club
              (25 damage)
             ... on level 4 of the Dungeon.
             The game lasted 00:03:31 (1993 turns).

robertstho the Covered (Deep Dwarf Fighter)         Turns: 1993, Time: 00:03:32

Health: 0/49       AC:  7    Str: 21    XL:     5   Next: 24%
Magic:  5/5        EV:  7    Int:  8    God:
Gold:   116        SH:  9    Dex: 12    Spells: 4/4 levels left

rFire    . . .     SeeInvis .   a - +0 war axe
rCold    . . .     Faith    .   c - +0 kite shield
rNeg     . . .     Spirit   .   b - +0 scale mail
rPois    .         Reflect  .   (no helmet)
rElec    .         Harm     .   (no cloak)
rCorr    .         Rampage  .   (no gloves)
Will     .....                  (no boots)
Stlth    +.........             (no amulet)
HPRegen  0.00/turn              (no ring)
MPRegen  0.09/turn              (no ring)

@: no status effects
A: damage resistance, heal wounds, sense surroundings 1, no regeneration
a: Heal Wounds


You were on level 4 of the Dungeon.
You visited 1 branch of the dungeon, and saw 4 of its levels.

You collected 116 gold pieces.

Inventory:

Hand Weapons
 a - a +0 war axe (weapon)
Armour
 b - a +0 scale mail (worn)
 c - a +0 kite shield (worn)
Wands
 k - a wand of paralysis (10)
Scrolls
 f - 2 scrolls of enchant armour
 g - a scroll of blinking {unknown}
 h - a scroll of noise {unknown}
 j - a scroll of fog {unknown}
Potions
 d - a potion of might
 i - 2 potions of magic
 l - a potion of ambrosia


   Skills:
 * Level 3.2 Fighting
 + Level 3.4 Axes
 * Level 4.4 Armour
 + Level 0.9 Dodging
 * Level 2.2 Stealth
 + Level 4.0 Shields


You had 4 spell levels left.
You didn't know any spells.
Your spell library contained the following spells:

 Spells                   Type           Power      Damage    Failure   Level
 Magic Dart               Conj           0%         1d3       99%         1
 Blink                    Tloc           N/A        N/A       100%        2
 Call Imp                 Summ           0%         N/A       100%        2
 Slow                     Hex            0%         N/A       100%        2
 Conjure Flame            Conj/Fire      0%         6-21      100%        3
 Mephitic Cloud           Conj/Pois/Air  0%         N/A       100%        3


Dungeon Overview and Level Annotations

Branches:
Dungeon (4/15)
 Temple: D:4-7

Altars:
Ashenzari
Makhleb
Okawaru

Annotations:
D:3 Need flight for Makleb


Innate Abilities, Weirdness & Mutations

You are resistant to damage.
You can heal yourself by infusing magical energy.
You passively map a small area around you.
You do not regenerate.


Message History

An endoplasm is nearby!
An ogre comes into view. It is wielding a +0 giant spiked club.
The ogre shouts!
The endoplasm freezes you.
You are frozen.
You barely miss the endoplasm. The endoplasm freezes you.
You are frozen.
The endoplasm hits you but does no damage.
An endoplasm comes into view.
The endoplasm quivers.
You hit the endoplasm.
The endoplasm is almost dead.
You block the endoplasm's attack.
You barely miss the endoplasm.
The endoplasm is almost dead.
The endoplasm freezes you.
You are frozen.
The endoplasm freezes you.
You are frozen.
You slash the endoplasm!
You kill the endoplasm!
Your shield and scale mail prevent you from hitting the ogre.
You block the ogre's attack.
You barely miss the ogre. The ogre barely misses you.
You hit the ogre.
The ogre is lightly wounded.
The ogre hits you with a +0 giant spiked club!
You block the endoplasm's attack.
The ogre hits you with a +0 giant spiked club!!
Ouch! That really hurt!
* * * LOW HITPOINT WARNING * * *
You feel much better. The endoplasm freezes you.
You are frozen.
The endoplasm freezes you.
You are frozen.
The ogre hits you with a +0 giant spiked club!!
Ouch! That really hurt!
You die...

, * #####..# #....######.#
##.#####....##...... *
#..##....####......
##.##.#.## #...... *
#.##.#.#####......
########.##.#............
*
..............###........
,..............##.........
########@........##......
#####O.##.#.<##......
#...............#####
#.........#####..#
*#.....###..# #.## .......
#.# #.# .#...## ..# ..#*
....# ...... , * #... *
,...... ,


You could see an ogre.

Vanquished Creatures
  An orc priest (D:3)
  An orc wizard (D:3)
  3 adders
  2 worms
  2 dart slugs
  5 orcs (D:3)
  6 ball pythons
  3 endoplasms
  2 giant cockroaches (D:1)
  8 goblins
  4 hobgoblins
  7 jackals
  5 quokkas
  7 bats
  2 frilled lizards
  5 kobolds
  9 rats
72 creatures vanquished.

Notes
Turn   | Place    | Note
-------+----------+-------------------------------------------
     0 | D:1      | robertstho the Deep Dwarf Fighter began the quest for the
                  | Orb.
     0 | D:1      | Reached XP level 1. HP: 20/20 MP: 1/1
    93 | D:1      | Found a faded altar of an unknown god.
   139 | D:1      | Reached XP level 2. HP: 27/27 MP: 2/2
   378 | D:1      | Reached skill level 1 in Stealth
   591 | D:2      | Reached XP level 3. HP: 25/33 MP: 3/3
  1264 | D:2      | Reached XP level 4. HP: 27/42 MP: 4/4
  1557 | D:3      | Found an iron altar of Okawaru.
  1564 | D:3      | Found a burning altar of Makhleb.
  1628 | D:3      | Found a broken altar of Ashenzari.
  1711 | D:3      | Reached XP level 5. HP: 44/49 MP: 5/5
  1984 | D:4      | Noticed an ogre
  1993 | D:4      | Slain by an ogre

Illustrated notes

Levels and vault maps discovered:
D:1:      amcnicky_arrival_single_pillar, layout_basic, basic_ecumenical_altar
D:2:      minmay_chambers_of_ones, layout_basic, kennysheep_cross_bottleneck,
          minmay_vboxes
D:3:      layout_basic, general_overflow_altar, lemuel_crystal_altar,
          old_standard_altar
D:4:      layout_rooms, hangedman_decor_opposing, interstate_on_off,
          kennysheep_small_circle, uniq_edmund

Skill      XL: |  1  2  3  4  5 |
---------------+----------------+-----
Stealth        | 1 2 |  2.2
Armour         | 4 |  4.4
Fighting       | 3 |  3.2
Axes           | 3 |  3.4
Shields        | 4 |  4.0
Dodging        | |  0.9

Action                   |  1- 3 |  4- 6 || total
-------------------------+-------+-------++-------
Melee: War axe           |   137 |    59 ||   196
 Abil: Heal Wounds       |       |     2 ||     2
  Use: Scroll            |       |     3 ||     3
       Potion            |       |     2 ||     2
Armor: Scale mail        |    79 |    37 ||   116
Dodge: Dodged            |    45 |    16 ||    61
Block: Kite shield       |    78 |    43 ||   121

Table legend: (Time is in decaauts)
 A = Elapsed time spent in this place.
 B = Non-inter-level travel time spent in this place.
 C = Inter-level travel time spent in this place.
 D = Time resting spent in this place.
 E = Time spent auto-exploring this place.
 F = Levels seen in this place.
 G = Mean time per level.
                   A        B        C        D        E       F      G
               +--------+--------+--------+--------+--------+-----+--------+
         Total |   2120 |   2069 |     51 |      0 |   1573 |   4 |  530.0 |
       Dungeon |   2120 |   2069 |     51 |      0 |   1573 |   4 |  530.0 |
               +--------+--------+--------+--------+--------+-----+--------+

Top non-repeatable levels by time:
     D:2: 962 daAuts
     D:1: 619 daAuts
     D:3: 445 daAuts
     D:4: 93 daAuts
